 Dungeon Crawl Stone Soup version 0.30.2 (webtiles) character file.

Game seed: 16638025155197547081

393 Jababy472 the Cutter (level 7, -6/44 HPs)
             Began as a Kobold Berserker on Jan 22, 2024.
             Was a Believer of Trog.
             Mangled by Joseph
             ... wielding a +0 quarterstaff
              (12 damage)
             ... on level 7 of the Dungeon on Jan 23, 2024.
             The game lasted 00:29:42 (3187 turns).

Jababy472 the Cutter (Kobold Berserker)             Turns: 3187, Time: 00:29:42

Health: -6/44      AC:  6    Str: 14    XL:     7   Next: 8%
Magic:  7/7        EV: 14    Int:  9    God:    Trog [**....]
Gold:   196        SH:  4    Dex: 16    Spells: 6/6 levels left

rFire   . . .        a - +0 short sword (protect)
rCold   . . .        l - +0 buckler
rNeg    . . .        q - +0 ring mail
rPois   .            (no helmet)
rElec   .            n - +0 cloak
rCorr   .            (no gloves)
SInv    .            (no boots)
Will    .....        f - amulet of regeneration
Stlth   +++          (no ring)
HPRegen 1.07/turn    (no ring)
MPRegen 0.10/turn

%: no passive effects
@: no status effects
A: small, no large weapons, nightstalker 3
a: Renounce Religion, Berserk, Trog's Hand


You were on level 7 of the Dungeon.
You worshipped Trog.
Trog was pleased with you.
You visited 2 branches of the dungeon, and saw 8 of its levels.

You collected 196 gold pieces.

Inventory:

Hand Weapons
 a - a +0 short sword of protection (weapon)
 c - a +0 dagger of speed
 g - a +0 whip
Missiles
 e - 35 stones
Armour
 b - a +0 animal skin
 h - a +1 leather armour
 j - a +0 robe
 l - a +0 buckler (worn)
 n - a +0 cloak (worn)
 o - a +0 chain mail
 q - a +0 ring mail (worn)
Jewellery
 f - an amulet of regeneration (around neck)
Wands
 d - a wand of paralysis (6)
 k - a wand of roots (5)
 p - a wand of light (13)
Scrolls
 i - 2 scrolls of brand weapon
Potions
 m - a potion of lignification
 r - a potion of experience {unknown}
 s - 2 potions of invisibility {unknown}
 t - a potion of heal wounds {unknown}


   Skills:
 + Level 4.8 Fighting
 + Level 6.2 Short Blades
 + Level 2.0 Armour
 + Level 4.1 Dodging
 + Level 4.2 Stealth
 + Level 0.4 Shields


You had 6 spell levels left.
You didn't know any spells.
Your spell library contained the following spells:

 Spells                   Type           Power      Damage    Failure   Level
 Apportation              Tloc           0%         N/A       75%         1
 Necrotise                Necr           0%         1d4       75%         1
 Summon Small Mammal      Summ           0%         N/A       75%         1
 Static Discharge         Conj/Air       0%         2-2/arc   86%         2
 Airstrike                Air            0%         2d(0-16)  100%        4
 Summon Lightning Spire   Summ/Air       0%         N/A       100%        4


Dungeon Overview and Level Annotations

Branches:
Dungeon (7/15)             Temple (1/1) D:7

Altars:
Ashenzari
Gozag
Kikubaaqudgha
Makhleb
Nemelex Xobeh
Okawaru
Qazlal
Sif Muna
Trog
Uskayaw
Vehumet
Yredelemnul
Zin

Annotations:
D:7 Joseph


Innate Abilities, Weirdness & Mutations

You are small and have problems with some larger weapons.
You are completely attuned to the shadows.


Message History

Joseph hits you with a +0 quarterstaff.
You hit Joseph but do no damage.
Joseph is severely wounded.
Joseph hits you with a +0 quarterstaff!
You barely miss Joseph.
Joseph is severely wounded.
You hit Joseph.
Joseph is severely wounded.
Joseph closely misses you.
You hit Joseph but do no damage.
Joseph is severely wounded.
Joseph barely misses you.
You hit Joseph.
Joseph is severely wounded.
You hit Joseph but do no damage.
Joseph is severely wounded.
Joseph says, "You must be punished!
Or...
I want to punish you!" Joseph hits you with a +0 quarterstaff!
You barely miss Joseph.
Joseph is severely wounded.
Joseph hits you with a +0 quarterstaff!
* * * LOW HITPOINT WARNING * * *
Aiming: Paralyse
Press: ? - help, Q - select action, (/) - cycle Shift-Dir - straight line, f - Joseph
Aim: Joseph, wielding a +0 quarterstaff and wearing a +0 leather armour (severely wounded, chance to affect: 31%) Joseph easily resists.
Joseph hits you but does no damage.
Aiming: Paralyse
Press: ? - help, Q - select action, (/) - cycle Shift-Dir - straight line, f/p - Joseph
Aim: Joseph, wielding a +0 quarterstaff and wearing a +0 leather armour (severely wounded, chance to affect: 31%) Joseph easily resists.
Joseph misses you. Joseph hits you with a +0 quarterstaff.
You block Joseph's attack. Joseph hits you with a +0 quarterstaff!
* * * LOW HITPOINT WARNING * * *
Joseph hits you with a +0 quarterstaff!
* * * LOW HITPOINT WARNING * * *
Joseph hits you with a +0 quarterstaff!
You die...

...# ##.##.####.#####
####### ## ####
#.............####⌠.⌠#####
..
.).....####.###....'.>.#....
##
###..######.########⌠.⌠####.
#..# #.....# ###'### ## #
#..# #.#>#.# ###.### #. #
##.#.#.## #.# #. # .........
#.# #. ##### ##.#@#.##
####.#####. ..... ...@.....
........... ...# ##.#...##
#######.### ...# .........
...# ...# ## #...## ....#
#### ....# # .# # .## ...


You could see Joseph.

Vanquished Creatures
  An ice beast (D:6)
  A bullfrog (D:3)
  A scorpion (D:3)
  Jessica (D:2)
  An iguana (D:4)
  Natasha (D:2)
  4 adders (D:3)
  A shadow imp (D:6)
  3 worms
  3 dart slugs (D:4)
  An orc (D:3)
  6 endoplasms
  4 goblins
  5 hobgoblins
  2 jackals (D:3)
  3 quokkas
  5 ball pythons
  3 bats
  2 frilled lizards
  2 kobolds (D:1)
  4 rats
54 creatures vanquished.

Notes
Turn   | Place    | Note
-------+----------+-------------------------------------------
     0 | D:1      | Jababy472 the Kobold Berserker began the quest for the Orb.
     0 | D:1      | Reached XP level 1. HP: 14/14 MP: 1/1
   221 | D:1      | Reached XP level 2. HP: 19/19 MP: 2/2
   615 | D:1      | Found a faded altar of an unknown god.
  1609 | D:2      | Reached skill level 1 in Stealth
  1609 | D:2      | Reached XP level 3. HP: 14/23 MP: 3/3
  1743 | D:2      | Noticed Natasha
  1748 | D:2      | Killed Natasha
  1749 | D:2      | Reached XP level 4. HP: 29/29 MP: 4/4
  1848 | D:2      | Noticed Jessica
  1857 | D:2      | Killed Jessica
  1858 | D:2      | Reached skill level 5 in Short Blades
  1918 | D:3      | Noticed a scorpion
  1936 | D:3      | Killed a scorpion
  1937 | D:3      | Reached XP level 5. HP: 27/34 MP: 5/5
  2078 | D:3      | Noticed a bullfrog
  2088 | D:3      | Killed a bullfrog
  2089 | D:3      | Reached XP level 6. HP: 37/39 MP: 6/6
  2474 | D:4      | Reached skill level 6 in Short Blades
  2475 | D:4      | Reached ** piety under Trog
  2666 | D:5      | Entered Level 5 of the Dungeon
  2717 | D:6      | Noticed an ice beast
  2779 | D:6      | Killed an ice beast
  2780 | D:6      | Reached XP level 7. HP: 29/44 MP: 7/7
  2992 | D:7      | Found a staircase to the Ecumenical Temple.
  3049 | Temple   | Entered the Ecumenical Temple
  3162 | D:7      | Noticed Joseph
  3187 | D:7      | Mangled by Joseph

Illustrated notes

Levels and vault maps discovered:
D:1:      mrwooster_arrival_statue_2, layout_loops_ring,
          chequers_ecumenical_altar_simple
D:2:      layout_loops_cross, uniq_jessica, uniq_crazy_yiuf_cottage,
          uniq_natasha
D:3:      layout_basic, patterned_corridor
D:4:      layout_loops_ring, serial_shops, nicolae_shop_tiny_real_fake_doors
D:5:      layout_loops_ring, grunt_ministairs_6, uniq_pikel
D:6:      layout_loops_ring, serial_glass, glass_columns_c, glass_columns_c
D:7:      cheibrodos_statue_roulette, layout_basic, temple_doors_e,
          gammafunk_ghost_split, uniq_joseph
Temple:   compressed_dpeg_triangle_lava_temple

Skill      XL: |  1  2  3  4  5  6 |
---------------+-------------------+-----
Stealth        | 1 3 4 |  4.2
Fighting       | 4 |  4.8
Short Blades   | 5 6 |  6.2
Dodging        | 3 4 |  4.1
Armour         | 2 |  2.0
Shields        | |  0.4

Action                     |  1- 3 |  4- 6 |  7- 9 || total
---------------------------+-------+-------+-------++-------
  Melee: Short sword       |    80 |   203 |    15 ||   298
         Punch             |     2 |     1 |       ||     3
         Whip              |     1 |       |       ||     1
 Invoke: Berserk           |     2 |     1 |       ||     3
  Evoke: Wand              |       |       |     3 ||     3
    Use: Potion            |     1 |     1 |       ||     2
         Scroll            |     1 |     6 |       ||     7
   Stab: Sleeping          |     6 |     7 |     1 ||    14
 Armour: Animal skin       |     6 |       |       ||     6
         Leather armour    |       |    27 |       ||    27
         Ring mail         |       |    19 |     4 ||    23
         Chain mail        |       |    14 |       ||    14
         Skin              |       |     1 |       ||     1
  Dodge: Dodged            |    42 |   120 |     4 ||   166
  Block: Buckler           |       |    17 |     1 ||    18
